| TOP OF THE 1ST |
|
Burlington Bees batting - Pitching for Quad Cities Angels : RHP Brian Hunter
|
|
Pitching: RHP Brian Hunter
|
|
|
Batting: RHB Mike Quade
|
0-0: Swinging Strike 0-1: Foul Ball, location: 2F 0-2: Foul Ball, location: 2F 0-2: Ball 1-2: Ball 2-2: Ball 3-2: Foul Ball, location: 2F 3-2: Foul Ball, location: 2F 3-2: Foul Ball, location: 2F 3-2: Base on Balls
|
|
Batting: RHB Rod Johnson
|
0-0: Ball 1-0: Ball 2-0: Foul Ball, location: 2F 2-1: Called Strike 2-2: Ball 3-2: Fly out, F7 (Line Drive, 7, EV 90.6 MPH)
|
|
Batting: RHB Herbert Kizer
|
0-0: Ball Mike Quade steals 2nd base 1-0: Called Strike 1-1: Ball 2-1: Ball 3-1: Base on Balls
|
|
Batting: RHB Daniel Johnson
|
0-0: Ball 1-0: Foul Ball, location: 2F 1-1: Swinging Strike 1-2: Foul Ball, location: 2F 1-2: Fly out, F7 (Flyball, 7D, EV 90.0 MPH) Runner from 2nd tags up, SAFE at 3rd, no throw by LF
|
|
Batting: RHB Thomas Echstenkamper
|
0-0: Ball 1-0: Foul Ball, location: 2F 1-1: Foul Ball, location: 2F 1-2: Single, Error in OF, E7, batter to second base (Line Drive, 56D, EV 101.3 MPH) Mike Quade scores Herbert Kizer to third
|
|
Batting: LHB Pat Castiglia
|
0-0: Ball 1-0: Called Strike 1-1: SINGLE (Line Drive, 89M, EV 95.0 MPH) Herbert Kizer scores Thomas Echstenkamper to third Runner from 3rd tries for Home, SAFE, throw by CF to home
|
|
Batting: RHB Anthony Veith
|
0-0: Called Strike 0-1: Ball 1-1: Ball 2-1: Foul Ball, location: 2F 2-2: Foul Ball, location: 2F 2-2: Foul Ball, location: 2F 2-2: Ball 3-2: Base on Balls Pat Castiglia to second
|
|
Batting: RHB Larry Olson
|
0-0: Ball 1-0: Called Strike 1-1: Ball 2-1: DOUBLE (Line Drive, 78M, EV 101.9 MPH) Pat Castiglia scores Anthony Veith to third Runner from 3rd tries for Home, SAFE, throw by LF to home
|
|
Batting: RHB Ronald Adkins
|
0-0: Called Strike 0-1: Ball 1-1: Ball 2-1: Ball 3-1: Called Strike 3-2: Foul Ball, location: 2F 3-2: Ground out 4-3 (Groundball, 4, EV 101.3 MPH)
|
| Top of the 1st over - 5 runs, 3 hits, 1 error, 1 left on base; Burlington 5 - Quad Cities 0 |
| BOTTOM OF THE 1ST |
|
Quad Cities Angels batting - Pitching for Burlington Bees : RHP Jim McCoy
|
|
Pitching: RHP Jim McCoy
|
|
|
Batting: LHB Stanley Hendrickson
|
0-0: Foul Ball, location: 2F 0-1: Swinging Strike 0-2: Foul Ball, location: 2F 0-2: Ball 1-2: Ball 2-2: Foul Ball, location: 2F 2-2: Ball 3-2: Foul Ball, location: 2F 3-2: Foul Ball, location: 2F 3-2: Foul Ball, location: 2F 3-2: Ground out U3 (Groundball, 34, EV 110.6 MPH)
|
|
Batting: RHB Dionisio DeJesus
|
0-0: Ground out 6-3 (Groundball, 6S, EV 93.8 MPH)
|
|
Batting: LHB Bob Helsom
|
0-0: Foul Ball, location: 2F 0-1: Foul Ball, location: 2F 0-2: Ground out 4-3 (Groundball, 4M, EV 90.6 MPH)
|
| Bottom of the 1st over - 0 runs, 0 hits, 0 errors, 0 left on base; Burlington 5 - Quad Cities 0 |
| TOP OF THE 2ND |
|
Burlington Bees batting - Pitching for Quad Cities Angels : RHP Brian Hunter
|
|
Batting: RHB Mike Quade
|
0-0: Ball 1-0: Ground out 5-3 (Groundball, 5, EV 90.0 MPH)
|
|
Batting: RHB Rod Johnson
|
0-0: Ball 1-0: Called Strike 1-1: Ball 2-1: Swinging Strike 2-2: Ball 3-2: Ground out 1-3 (Groundball, P, EV 85.6 MPH)
|
|
Batting: RHB Herbert Kizer
|
0-0: Ball 1-0: Ball 2-0: Called Strike 2-1: Ball 3-1: Base on Balls
|
|
Batting: RHB Daniel Johnson
|
0-0: SINGLE (Groundball, 56D, EV 101.3 MPH) Herbert Kizer to second
|
|
Pitching: RHP David Mangrum
|
|
|
Batting: RHB Thomas Echstenkamper
|
0-0: SINGLE (Line Drive, 9S, EV 96.3 MPH) Herbert Kizer to third Daniel Johnson to second Runner from 3rd tries for Home, SAFE, throw by RF to home
|
|
Batting: LHB Pat Castiglia
|
0-0: Fly out, F9 (Flyball, 9LS, EV 89.4 MPH)
|
| Top of the 2nd over - 1 run, 2 hits, 0 errors, 2 left on base; Burlington 6 - Quad Cities 0 |
| BOTTOM OF THE 2ND |
|
Quad Cities Angels batting - Pitching for Burlington Bees : RHP Jim McCoy
|
|
Batting: LHB Chuck Sandberg
|
0-0: Foul Ball, location: 2F 0-1: Ground out 4-3 (Groundball, 4M, EV 91.9 MPH)
|
|
Batting: RHB Danny Ramires
|
0-0: Ground out 3-1 (Groundball, 34, EV 100.0 MPH)
|
|
Batting: LHB Keith Rokosz
|
0-0: Called Strike 0-1: SINGLE (Flyball, 7LS, EV 97.5 MPH)
|
|
Batting: RHB Michael Hanson
|
0-0: Called Strike 0-1: Swinging Strike 0-2: Ball 1-2: Ball 2-2: Ball 3-2: Base on Balls Keith Rokosz to second
|
|
Batting: RHB Stewart Bringhurst
|
0-0: Ball 1-0: Ball 2-0: Ball 3-0: Fly out, F9 (Flyball, 9S, EV 91.9 MPH)
|
| Bottom of the 2nd over - 0 runs, 1 hit, 0 errors, 2 left on base; Burlington 6 - Quad Cities 0 |
| TOP OF THE 3RD |
|
Burlington Bees batting - Pitching for Quad Cities Angels : RHP David Mangrum
|
|
Batting: RHB Anthony Veith
|
0-0: Called Strike 0-1: Ball 1-1: Ball 2-1: Ball 3-1: Called Strike 3-2: Fly out, F8 (Flyball, 89D, EV 95.6 MPH)
|
|
Batting: RHB Larry Olson
|
0-0: Ball 1-0: Fly out, F7 (Flyball, 7LS, EV 82.5 MPH)
|
|
Batting: RHB Ronald Adkins
|
0-0: Called Strike 0-1: Ball 1-1: Ball 2-1: Foul Ball, location: 2F 2-2: Foul Ball, location: 2F 2-2: Fly out, F9 (Line Drive, 9, EV 87.5 MPH)
|
| Top of the 3rd over - 0 runs, 0 hits, 0 errors, 0 left on base; Burlington 6 - Quad Cities 0 |
| BOTTOM OF THE 3RD |
|
Quad Cities Angels batting - Pitching for Burlington Bees : RHP Jim McCoy
|
|
Batting: RHB Lance Ediger
|
0-0: Ball 1-0: Ball 2-0: Ball 3-0: Ground out 5-3 (Groundball, 5, EV 102.5 MPH)
|
|
Batting: LHB Stanley Hendrickson
|
0-0: Ball 1-0: Called Strike 1-1: Ball 2-1: Foul Ball, location: 2F 2-2: Foul Ball, location: 2F 2-2: Foul Ball, location: 2F 2-2: Ball 3-2: Foul Ball, location: 2F 3-2: Foul Ball, location: 2F 3-2: Strikes out swinging
|
|
Batting: RHB Dionisio DeJesus
|
0-0: Ball 1-0: Swinging Strike 1-1: Ball 2-1: SINGLE (Line Drive, 9S, EV 91.9 MPH)
|
|
Batting: LHB Bob Helsom
|
0-0: Called Strike Dionisio DeJesus steals 2nd base 0-1: Ball 1-1: Ball 2-1: Ball 3-1: Foul Ball, location: 2F 3-2: Base on Balls
|
|
Batting: LHB Chuck Sandberg
|
0-0: Called Strike 0-1: Ball 1-1: Fly out, F8 (Flyball, 8RM, EV 76.9 MPH)
|
| Bottom of the 3rd over - 0 runs, 1 hit, 0 errors, 2 left on base; Burlington 6 - Quad Cities 0 |
| TOP OF THE 4TH |
|
Burlington Bees batting - Pitching for Quad Cities Angels : RHP David Mangrum
|
|
Batting: RHB Mike Quade
|
0-0: Fly out, F8 (Flyball, 8RD, EV 83.8 MPH)
|
|
Batting: RHB Rod Johnson
|
0-0: Ball 1-0: Swinging Strike 1-1: Called Strike 1-2: Strikes out swinging
|
|
Batting: RHB Herbert Kizer
|
0-0: Ball 1-0: Foul Ball, location: 2F 1-1: Foul Ball, location: 2F 1-2: Ball 2-2: Ball 3-2: Base on Balls
|
|
Batting: RHB Daniel Johnson
|
0-0: Ball 1-0: Swinging Strike 1-1: Foul Ball, location: 2F 1-2: Strikes out swinging
|
| Top of the 4th over - 0 runs, 0 hits, 0 errors, 1 left on base; Burlington 6 - Quad Cities 0 |
| BOTTOM OF THE 4TH |
|
Quad Cities Angels batting - Pitching for Burlington Bees : RHP Jim McCoy
|
|
Batting: RHB Danny Ramires
|
0-0: Ball 1-0: Ground out 4-3 (Groundball, 4, EV 97.5 MPH)
|
|
Batting: LHB Keith Rokosz
|
0-0: Fly out, F9 (Flyball, 9, EV 82.5 MPH)
|
|
Batting: RHB Michael Hanson
|
0-0: Called Strike 0-1: Foul Ball, location: 2F 0-2: Ball 1-2: Ball 2-2: Hit by Pitch
|
|
Batting: RHB Stewart Bringhurst
|
0-0: Called Strike 0-1: Ball 1-1: Foul Ball, location: 2F 1-2: Ball 2-2: Ball 3-2: Base on Balls Michael Hanson to second
|
|
Batting: RHB Lance Ediger
|
0-0: Ball 1-0: Swinging Strike 1-1: Called Strike 1-2: Ball 2-2: Strikes out looking
|
| Bottom of the 4th over - 0 runs, 0 hits, 0 errors, 2 left on base; Burlington 6 - Quad Cities 0 |
| TOP OF THE 5TH |
|
Burlington Bees batting - Pitching for Quad Cities Angels : RHP David Mangrum
|
|
Batting: RHB Thomas Echstenkamper
|
0-0: Ball 1-0: Called Strike 1-1: SINGLE (Groundball, 4D, EV 103.1 MPH)
|
|
Batting: LHB Pat Castiglia
|
0-0: Ball 1-0: Grounds into double play, 4-6-3 (Groundball, 4, EV 88.8 MPH)
|
|
Batting: RHB Anthony Veith
|
0-0: Ball 1-0: Ground out U3 (Groundball, 3, EV 82.5 MPH)
|
| Top of the 5th over - 0 runs, 1 hit, 0 errors, 0 left on base; Burlington 6 - Quad Cities 0 |
| BOTTOM OF THE 5TH |
|
Quad Cities Angels batting - Pitching for Burlington Bees : RHP Jim McCoy
|
|
Batting: LHB Stanley Hendrickson
|
0-0: SINGLE (Groundball, 34D, EV 102.5 MPH)
|
|
Batting: RHB Dionisio DeJesus
|
0-0: Ball Stanley Hendrickson steals 2nd base 1-0: Called Strike 1-1: Ball 2-1: Foul Ball, location: 2F 2-2: Ball 3-2: SINGLE (Flyball, 8RS, EV 90.0 MPH) Stanley Hendrickson to third Throwing error, E8 Stanley Hendrickson scores Dionisio DeJesus to second
|
|
Batting: LHB Bob Helsom
|
0-0: SINGLE (Line Drive, 78M, EV 93.8 MPH) Dionisio DeJesus to third Runner from 3rd tries for Home, SAFE, no throw by LF
|
|
Batting: LHB Chuck Sandberg
|
0-0: Foul Ball, location: 2F 0-1: DOUBLE (Line Drive, 7LS, EV 102.5 MPH) Bob Helsom to third
|
|
Batting: RHB Danny Ramires
|
0-0: Fly out, F9 (Flyball, 89S, EV 92.5 MPH)
|
|
Batting: LHB Keith Rokosz
|
0-0: Ball 1-0: Ball 2-0: Called Strike 2-1: Called Strike 2-2: Ball 3-2: Ground out 6-3 (Groundball, 6, EV 98.1 MPH) Bob Helsom scores
|
|
Batting: RHB Michael Hanson
|
0-0: Ball 1-0: Ball 2-0: Swinging Strike 2-1: Ball 3-1: Foul Ball, location: 2F 3-2: SINGLE (Line Drive, 78S, EV 85.6 MPH) Chuck Sandberg to third Chuck Sandberg scores
|
|
Batting: RHB Stewart Bringhurst
|
0-0: Ball Michael Hanson steals 2nd base 1-0: Ground out 4-3 (Groundball, 4, EV 86.3 MPH)
|
| Bottom of the 5th over - 4 runs, 5 hits, 1 error, 1 left on base; Burlington 6 - Quad Cities 4 |
| TOP OF THE 6TH |
|
Burlington Bees batting - Pitching for Quad Cities Angels : RHP David Mangrum
|
|
Pitching: RHP John Harness
|
|
|
Batting: RHB Larry Olson
|
0-0: Ball 1-0: Called Strike 1-1: Ball 2-1: Ball 3-1: Called Strike 3-2: Ground out 3-1 (Groundball, 3S, EV 69.4 MPH)
|
|
Batting: RHB Ronald Adkins
|
0-0: Foul Ball, location: 2F 0-1: SINGLE (Groundball, 6MD, EV 97.5 MPH)
|
|
Batting: RHB Mike Quade
|
0-0: Ball 1-0: Ball Ronald Adkins steals 2nd base 2-0: Swinging Strike 2-1: Swinging Strike 2-2: Foul Ball, location: 2F 2-2: Ball 3-2: Base on Balls
|
|
Batting: RHB Rod Johnson
|
0-0: Fly out, F6 (Popup, 4MD, EV 50.6 MPH)
|
|
Batting: RHB Herbert Kizer
|
0-0: Ball 1-0: Ball 2-0: Ball 3-0: Called Strike 3-1: Base on Balls Ronald Adkins to third Mike Quade to second
|
|
Batting: RHB Daniel Johnson
|
0-0: Called Strike 0-1: Fielders Choice at 2nd, 6-4 (Groundball, 6, EV 108.1 MPH)
|
| Top of the 6th over - 0 runs, 1 hit, 0 errors, 3 left on base; Burlington 6 - Quad Cities 4 |
| BOTTOM OF THE 6TH |
|
Quad Cities Angels batting - Pitching for Burlington Bees : RHP Jim McCoy
|
|
Batting: RHB Lance Ediger
|
0-0: SOLO HOME RUN (Flyball, 7D, EV 106.3 MPH), Distance : 387 ft
|
|
Pitching: LHP Randall Binkley
|
|
|
Batting: LHB Stanley Hendrickson
|
0-0: Ball 1-0: Foul Ball, location: 2F 1-1: Ball 2-1: Ball 3-1: Swinging Strike 3-2: Foul Ball, location: 2F 3-2: Foul Ball, location: 2F 3-2: Fly out, F5 (Popup, 5F, EV 56.3 MPH)
|
|
Batting: RHB Dionisio DeJesus
|
0-0: Called Strike 0-1: Ball 1-1: Ground out 6-3 (Groundball, 6S, EV 82.5 MPH)
|
|
Batting: LHB Bob Helsom
|
0-0: Ground out 6-3 (Groundball, 6, EV 86.3 MPH)
|
| Bottom of the 6th over - 1 run, 1 hit, 0 errors, 0 left on base; Burlington 6 - Quad Cities 5 |
| TOP OF THE 7TH |
|
Burlington Bees batting - Pitching for Quad Cities Angels : RHP John Harness
|
|
Batting: RHB Thomas Echstenkamper
|
0-0: Ball 1-0: Foul Ball, location: 2F 1-1: Ball 2-1: SINGLE (Line Drive, 3D, EV 103.8 MPH)
|
|
Batting: LHB Pat Castiglia
|
0-0: Bunt missed! 0-1: Ball 1-1: Bunt missed! 1-2: Fly out, F7 (Flyball, 78XD, EV 104.4 MPH)
|
|
Batting: RHB Anthony Veith
|
0-0: Ball 1-0: Called Strike Thomas Echstenkamper steals 2nd base 1-1: SINGLE (Groundball, 56D, EV 96.3 MPH) Thomas Echstenkamper to third Runner from 3rd tries for Home, SAFE, no throw by LF
|
|
Batting: RHB Larry Olson
|
0-0: Foul Ball, location: 2F 0-1: DOUBLE (Flyball, 8RXD, EV 101.9 MPH) Anthony Veith to third
|
|
Batting: RHB Ronald Adkins
|
0-0: Ball 1-0: Ball 2-0: Fly out, F8 (Flyball, 8RM, EV 91.9 MPH) Runner from 3rd tags up, SCORES, no throw by CF
|
|
Batting: RHB Mike Quade
|
0-0: Called Strike 0-1: Ball 1-1: SINGLE (Groundball, 4D, EV 96.9 MPH) Larry Olson to third Runner from 3rd tries for Home, SAFE, no throw by RF
|
|
Pitching: LHP Charles Redd
|
|
|
Batting: RHB Rod Johnson
|
0-0: Ball 1-0: Ball 2-0: Ball 3-0: Base on Balls Mike Quade to second
|
|
Batting: RHB Herbert Kizer
|
0-0: Foul Ball, location: 2F 0-1: Foul Ball, location: 2F 0-2: Strikes out swinging
|
| Top of the 7th over - 3 runs, 4 hits, 0 errors, 2 left on base; Burlington 9 - Quad Cities 5 |
| BOTTOM OF THE 7TH |
|
Quad Cities Angels batting - Pitching for Burlington Bees : LHP Randall Binkley
|
|
Batting: LHB Chuck Sandberg
|
0-0: Ball 1-0: Swinging Strike 1-1: Called Strike 1-2: Strikes out swinging
|
|
Batting: RHB Danny Ramires
|
0-0: Foul Ball, location: 2F 0-1: Ball 1-1: Foul Ball, location: 2F 1-2: Fly out, F9 (Flyball, 89S, EV 84.4 MPH)
|
|
Batting: LHB Keith Rokosz
|
0-0: SINGLE (Groundball, 34D, EV 101.3 MPH)
|
|
Batting: RHB Michael Hanson
|
0-0: Foul Ball, location: 2F 0-1: Swinging Strike 0-2: Strikes out swinging
|
| Bottom of the 7th over - 0 runs, 1 hit, 0 errors, 1 left on base; Burlington 9 - Quad Cities 5 |
| TOP OF THE 8TH |
|
Burlington Bees batting - Pitching for Quad Cities Angels : LHP Charles Redd
|
|
Batting: RHB Daniel Johnson
|
0-0: Ball 1-0: Swinging Strike 1-1: Called Strike 1-2: Ball 2-2: Ground out 5-3 (Groundball, 56, EV 97.5 MPH)
|
|
Batting: RHB Thomas Echstenkamper
|
0-0: Called Strike 0-1: Fly out, F8 (Flyball, 8LM, EV 91.9 MPH)
|
|
Batting: LHB Pat Castiglia
|
0-0: Ball 1-0: Swinging Strike 1-1: Ground out U3 (Groundball, 3, EV 100.6 MPH)
|
| Top of the 8th over - 0 runs, 0 hits, 0 errors, 0 left on base; Burlington 9 - Quad Cities 5 |
| BOTTOM OF THE 8TH |
|
Quad Cities Angels batting - Pitching for Burlington Bees : LHP Randall Binkley
|
|
Batting: RHB Stewart Bringhurst
|
0-0: Foul Ball, location: 2F 0-1: Ball 1-1: Called Strike 1-2: Strikes out swinging, 2-3 out at first.
|
|
Batting: RHB Lance Ediger
|
0-0: Ground out 5-3 (Groundball, 56, EV 83.8 MPH)
|
|
Batting: LHB Stanley Hendrickson
|
0-0: Ball 1-0: Ball 2-0: Ball 3-0: Called Strike 3-1: Called Strike 3-2: Fly out, F9 (Flyball, 89D, EV 93.8 MPH)
|
| Bottom of the 8th over - 0 runs, 0 hits, 0 errors, 0 left on base; Burlington 9 - Quad Cities 5 |
| TOP OF THE 9TH |
|
Burlington Bees batting - Pitching for Quad Cities Angels : LHP Charles Redd
|
|
Batting: RHB Anthony Veith
|
0-0: Ball 1-0: Called Strike 1-1: SINGLE (Line Drive, 8LS, EV 104.4 MPH)
|
|
Batting: RHB Larry Olson
|
0-0: Foul Ball, location: 2F 0-1: Ball 1-1: Ball 2-1: Called Strike 2-2: Strikes out swinging
|
|
Batting: RHB Ronald Adkins
|
0-0: Ball 1-0: Foul Ball, location: 2F 1-1: Ball 2-1: Foul Ball, location: 2F 2-2: Ball 3-2: Base on Balls Anthony Veith to second
|
|
Batting: RHB Mike Quade
|
0-0: Called Strike 0-1: Foul Ball, location: 2F 0-2: Strikes out looking
|
|
Batting: RHB Rod Johnson
|
0-0: Ball 1-0: Called Strike 1-1: Foul Ball, location: 2F 1-2: SINGLE (Groundball, 56S, EV 76.3 MPH) (infield hit) Anthony Veith to third Ronald Adkins to second
|
|
Pitching: RHP Gary Granke
|
|
|
Batting: RHB Herbert Kizer
|
0-0: Ball 1-0: Ball 2-0: Foul Ball, location: 2F 2-1: Ball 3-1: Base on Balls Anthony Veith scores Ronald Adkins to third Rod Johnson to second
|
|
Batting: RHB Daniel Johnson
|
0-0: Ball 1-0: Called Strike 1-1: Ball 2-1: Ball 3-1: Foul Ball, location: 2F 3-2: Foul Ball, location: 2F 3-2: Ground out U3 (Groundball, 34, EV 79.4 MPH)
|
| Top of the 9th over - 1 run, 2 hits, 0 errors, 3 left on base; Burlington 10 - Quad Cities 5 |
| BOTTOM OF THE 9TH |
|
Quad Cities Angels batting - Pitching for Burlington Bees : LHP Randall Binkley
|
|
Batting: RHB Dionisio DeJesus
|
0-0: Fly out, F9 (Line Drive, 9, EV 94.4 MPH)
|
|
Batting: LHB Bob Helsom
|
0-0: Ball 1-0: Called Strike 1-1: Ball 2-1: SINGLE (Groundball, 6MD, EV 98.1 MPH)
|
|
Batting: LHB Chuck Sandberg
|
0-0: Called Strike 0-1: Ball 1-1: Foul Ball, location: 2F 1-2: Ball 2-2: SINGLE (Line Drive, 8RS, EV 100.0 MPH) Bob Helsom to second
|
|
Batting: RHB Danny Ramires
|
0-0: Ball 1-0: Foul Ball, location: 2F 1-1: Called Strike 1-2: Foul Ball, location: 2F 1-2: Ball 2-2: Fly out, F8 (Flyball, 78D, EV 80.0 MPH)
|
|
Pitching: RHP Manuel Lunar
|
|
|
Batting: LHB Keith Rokosz
|
0-0: SINGLE (Groundball, 4S, EV 75.6 MPH) (infield hit) Bob Helsom to third Chuck Sandberg to second
|
|
Batting: RHB Michael Hanson
|
0-0: Called Strike 0-1: Ground out 2-3 (Groundball, 15S, EV 67.5 MPH)
|
| Bottom of the 9th over - 0 runs, 3 hits, 0 errors, 3 left on base; Burlington 10 - Quad Cities 5 |
|